 Dungeon Crawl Stone Soup version 0.18-a0-1789-gbeff17f (webtiles) character file.

30 L0ki the Caller (level 3, -4/24 HPs)
             Began as a Human Summoner on Apr 22, 2016.
             Was an Initiate of Ashenzari.
             Killed from afar by an orc wizard (7 damage)
             ... with a puff of flame
             ... on level 2 of the Dungeon.
             The game lasted 00:21:34 (1692 turns).

L0ki the Caller (Human Summoner)                    Turns: 1692, Time: 00:21:35

Health: -4/24      AC:  3    Str:  8    XL:     3   Next: 37%
Magic:  1/6        EV: 12    Int: 16    God:    Ashenzari [......]
Gold:   90         SH:  0    Dex: 13    Spells: 3 memorised, 0 levels left

rFire  . . .     SeeInvis .     h - +0 spear
rCold  + . .     Gourm    .     e - +0 robe {rC+}
rNeg   . . .     Faith    .     (no shield)
rPois  .         Spirit   .     (no helmet)
rElec  .         Dismiss  .     (no cloak)
rCorr  .         Reflect  .     (no gloves)
SustAt .         Harm     .     m - +0 pair of boots
MR     .....                    (no amulet)
Stlth  ++........               (no ring)
                                (no ring)

@: not resistant to hostile enchantments, unstealthy
A: no striking features
a: Curse Item, Renounce Religion


You were on level 2 of the Dungeon.
You worshipped Ashenzari.
Ashenzari was noncommittal.
You were not hungry.

You visited 1 branch of the dungeon, and saw 3 of its levels.

You collected 90 gold pieces.

Inventory:

Hand Weapons
 d - a +0 mace
 h - a +0 spear (weapon)
Missiles
 l - 11 curare-tipped needles
Armour
 a - a +0 robe
 e - a +0 robe of cold resistance (worn)
 m - a +0 pair of boots (worn)
Scrolls
 f - a scroll of amnesia {unknown}
 g - 2 scrolls of identify
 j - a scroll of recharging {unknown}
 k - a scroll of magic mapping
Books
 b - a book of Callings

   Spells                             Type                      Level
   a - Summon Small Mammal            Summoning                    1
   b - Call Imp                       Summoning                    2
   c - Call Canine Familiar           Summoning                    3
   d - Summon Guardian Golem          Hexes/Summoning              3
   e - Summon Lightning Spire         Summoning/Air                4
   f - Summon Ice Beast               Ice/Summoning                4
Comestibles
 c - a bread ration
 i - a chunk of flesh
 n - a beef jerky


   Skills:
 - Level 2.0 Dodging
 - Level 2.0 Stealth
 - Level 2.0 Spellcasting
 + Level 5.0 Summonings


You couldn't memorise any spells.
You knew the following spells:

 Your Spells              Type           Power        Failure   Level  Hunger
a - Summon Small Mammal   Summ           ###.         2%          1    #......
b - Call Imp              Summ           ###.....     4%          2    ###....
c - Call Canine Familiar  Summ           ###.....     10%         3    ###....


Dungeon Overview and Level Annotations

Branches:
Dungeon (3/15)

Altars:
Ashenzari
Dithmenos
Fedhas
Pakellas

Annotations:
D:2 Sigmund


Message History

The puff of flame hits you!
You climb upwards.
Level annotation: Sigmund
There is a stone staircase leading down here.
You start resting.
You hear some strange, mumbled words.
A puff of flame appears from out of thin air!
The puff of flame hits you!
* * * LOW HITPOINT WARNING * * *
Unknown command.
Casting: Call Imp
Confirm with . or Enter, or press ? or * to list all spells.
A metallic apparition takes form in the air.
You hear some strange, mumbled words.
Something tries to affect you, but you resist.
You miss something.
You hear some strange, mumbled words.
A puff of flame appears from out of thin air!
The puff of flame hits you!
You die...

...............#.....#
........(.....##.....#
..............##<....#
......##.......#.....#
.....#.........#.....#
...###)..............#
#.........)...)......#
..............##.....#
.#..........####@....#
............# #..5..#
............## #######
.............#
......%..###.#
.........# #.#
.........# #.####
.........# #....#
.........# ####)###


You could see a friendly iron imp.

Vanquished Creatures
  A giant gecko (D:1)
  2 goblins
  A hobgoblin (D:1)
  3 bats
  4 rats
11 creatures vanquished.

Vanquished Creatures (collateral kills)
  An adder (D:2)
  A ball python (D:2)
  A bat (D:1)
  2 giant cockroaches (D:1)
  A goblin (D:1)
  4 hobgoblins
  A giant newt (D:2)
  2 kobolds (D:1)
  7 rats
20 creatures vanquished.

Grand Total: 31 creatures vanquished

Notes
Turn   | Place    | Note
--------------------------------------------------------------
     0 | D:1      | L0ki the Human Summoner began the quest for the Orb.
     0 | D:1      | Reached XP level 1. HP: 13/13 MP: 3/3
   496 | D:1      | Reached XP level 2. HP: 19/19 MP: 5/5
   509 | D:1      | Learned a level 2 spell: Call Imp
  1077 | D:2      | Noticed Sigmund
  1225 | D:2      | Found a blossoming altar of Fedhas.
  1293 | D:2      | Found an oddly glowing altar of Pakellas.
  1293 | D:2      | Found a shattered altar of Ashenzari.
  1299 | D:2      | Became a worshipper of Ashenzari the Shackled
  1342 | D:2      | Reached XP level 3. HP: 24/24 MP: 3/6
  1350 | D:2      | Learned a level 3 spell: Call Canine Familiar
  1571 | D:2      | Reached skill level 5 in Summonings
  1651 | D:3      | Found a shadowy altar of Dithmenos.
  1692 | D:2      | Killed from afar by an orc wizard

Vault maps used:
D:1:      dpeg_arrival_ternary
D:2:      gammafunk_temple_overflow_forgotten, first_bread, uniq_sigmund
D:3:      nicolae_dithmenos_shadow_blocks, nicolae_tso_carved_into_rock

Skill      XL: |  1  2  3 |
---------------+----------+-----
Summonings     | 5 |  5.0
Dodging        | |  2.0
Stealth        | |  2.0
Spellcasting   | |  2.0

Action                   || total
-------------------------++-------
Melee: Spear             ||    47
       Mace              ||     2
 Cast: Summon Small Mamm ||    10
       Call Imp          ||    17
       Call Canine Famil ||     2
  Use: Scroll            ||     2
 Stab: Sleeping          ||     1
  Eat: Chunk             ||     4
Armor: Robe              ||    15
Dodge: Dodged            ||    27
